Map: Estaleiro Orbital

Players

Cham

  • Race: Zerg Zerg
  • League: Grandmaster

Kelazhur - Winner!

  • Race: Terran Terran
  • League: Grandmaster

Event: Copa America 2016 Season 1

VOD

Have the link to the VOD?

Description

Time

  • Played on: Feb. 17, 2016, 4:23 p.m.
  • Length: 8:57

All games in this series

Show
View Real Time Build Order
Export as new Build Order

Cham Zerg 

Build Orders: Hatch First, Roach Nydus 

Get SALT Encoding   

  12  0:01  Drone  
  13  0:10  Drone  
  14  0:17  Overlord  
  14  0:36  Drone x3  
  17  0:54  Hatchery  
  17  0:56  Drone  
  17  1:00  Drone  
  18  1:16  Spawning Pool  
  17  1:18  Drone  
  17  1:21  Drone  
  19  1:25  Extractor  
  18  1:39  Drone  
  19  1:49  Drone  
  20  2:05  Zergling x2  
  20  2:07  Roach Warren, Queen  
  21  2:08  Queen  
  21  2:09  Drone  
  21  2:11  Drone  
  25  2:16  Overlord  
  25  2:18  Zergling x2  
  26  2:23  Drone  
  26  2:29  Drone  
  28  2:37  Drone  
  28  2:40  Drone  
  30  2:48  Roach  
  30  2:51  Roach  
  32  2:59  Roach  
  32  3:04  Roach  
  36  3:10  Queen  
  36  3:11  Overlord  
  36  3:16  Overlord  
  36  3:25  Lair  
  36  3:31  Drone x4  
  36  3:33  Drone x2  
  42  3:35  Drone  
  42  3:38  Drone  
  44  3:43  Drone, Extractor  
  44  3:45  Drone  
  45  3:54  Overlord  
  45  3:55  Drone  
  46  3:56  Queen  
  46  4:02  Drone x3  
  51  4:04  Drone  
  52  4:10  Extractor  
  52  4:16  Overlord  
  51  4:17  Drone  
  52  4:29  Nydus Network  
  49  4:34  Roach  
  49  4:36  Drone  
  49  4:37  Roach  
  49  4:38  Queen x2  
  60  4:45  Roach x2  
  51  4:55  Zergling x4  
  51  4:59  Roach  
  55  5:04  Roach  
  57  5:12  Zergling x4  
  57  5:14  Queen  
  61  5:25  Nydus Canal  
  61  5:27  Zergling x4, Queen  
  65  5:30  Zergling x4  
  65  5:31  Zergling x2  
  68  5:39  Nydus Canal  
  68  5:48  Roach  
  66  5:57  Roach  
  66  5:58  Queen  
  66  6:01  Roach x3  
  66  6:03  Roach  
  68  6:04  Queen  
  68  6:08  Roach x2  
  66  6:11  Roach  
  67  6:21  Nydus Canal  
  67  6:25  Roach  
  63  6:26  Roach  
  63  6:27  Roach  
  65  6:34  Roach  
  65  6:35  Roach  
  65  6:38  Queen  
  67  6:48  Queen  
  67  6:53  Roach  
  67  7:00  Roach  
  65  7:01  Overlord x2  
  57  7:11  Roach  
  57  7:13  Queen  
  53  7:16  Roach  
  53  7:17  Roach  
  53  7:18  Roach  
  59  7:22  Nydus Canal  
  59  7:24  Queen  
  59  7:29  Roach  
  55  7:36  Roach x2  
  59  7:37  Nydus Canal  
  59  7:38  Roach  
  61  7:46  Drone  
  61  7:49  Drone x2  
  61  7:50  Drone  
  65  7:57  Roach x2  
  65  8:01  Nydus Canal  
  65  8:03  Roach  
  65  8:07  Roach  
  65  8:10  Roach  
  69  8:13  Roach  
  71  8:36  Roach  
  71  8:37  Roach  
Show
View Real Time Build Order
Export as new Build Order

Kelazhur Terran - Winner!

Build Orders:  

Get SALT Encoding   

  12  0:01  SCV  
  13  0:13  SCV  
  14  0:17  Supply Depot  
  14  0:25  SCV  
  15  0:39  SCV  
  15  0:40  Barracks  
  16  0:43  Refinery  
  16  0:51  SCV  
  17  0:59  Barracks  
  17  1:03  SCV  
  18  1:15  SCV  
  19  1:29  Reaper  
  19  1:30  Orbital Command  
  19  1:32  Supply Depot  
  20  1:45  Refinery  
  20  1:46  Reaper  
  21  1:57  SCV  
  22  2:03  Refinery  
  22  2:06  Reaper  
  23  2:09  SCV  
  24  2:18  Command Center  
  24  2:24  Reaper  
  24  2:26  SCV  
  26  2:42  SCV  
  27  2:48  Command Center  
  27  2:50  Reaper  
  28  3:00  SCV  
  29  3:10  Reaper  
  29  3:12  Refinery  
  30  3:13  SCV  
  30  3:17  Supply Depot  
  31  3:30  SCV  
  31  3:31  Barracks, Orbital Command  
  32  3:37  Reaper  
  33  3:42  SCV  
  33  3:45  Reaper  
  35  3:54  SCV  
  36  3:57  SCV  
  36  4:01  Orbital Command  
  37  4:02  Refinery  
  37  4:06  SCV  
  37  4:09  SCV  
  39  4:13  Reaper  
  39  4:18  SCV, Reaper x2  
  39  4:21  SCV  
  43  4:24  Barracks  
  43  4:25  Barracks  
  43  4:30  SCV  
  44  4:35  SCV  
  44  4:46  SCV, Reaper  
  44  4:48  SCV  
  47  4:54  SCV  
  49  5:00  SCV x2  
  49  5:01  Reaper  
  49  5:04  Barracks  
  49  5:05  Barracks  
  51  5:10  Barracks Tech Lab  
  51  5:11  SCV  
  51  5:13  Refinery, Barracks Tech Lab  
  51  5:16  Marine  
  51  5:17  SCV, Marine  
  51  5:18  Supply Depot  
  51  5:20  SCV  
  55  5:23  SCV  
  56  5:32  Marine  
  56  5:33  Engineering Bay  
  56  5:34  Marine x2  
  56  5:35  Engineering Bay  
  59  5:36  Marauder, Engineering Bay  
  59  5:38  Supply Depot  
  55  5:50  SCV, Marine  
  55  5:51  SCV  
  55  5:52  Marauder  
  55  5:56  SCV  
  60  5:59  Marine  
  60  6:02  SCV  
  60  6:03  Factory, SCV  
  60  6:05  Combat Shields  
  60  6:08  SCV  
  55  6:14  SCV, Marine  
  55  6:15  SCV  
  57  6:20  SCV  
  57  6:24  Marine  
  57  6:26  SCV, Marine x5  
  57  6:28  SCV  
  57  6:31  Marine  
  63  6:33  SCV  
  63  6:38  SCV  
  62  6:40  SCV  
  62  6:42  Supply Depot, Marine  
  62  6:43  Marine  
  62  6:44  Marauder, Marine x2  
  62  6:45  SCV  
  69  6:49  Marine  
  69  6:51  Marine  
  69  6:53  SCV  
  61  6:54  Factory Reactor  
  61  6:55  Starport  
  61  6:59  Marine  
  61  7:00  SCV  
  52  7:01  Marine  
  52  7:02  Marauder  
  52  7:06  SCV  
  52  7:08  Marine  
  45  7:09  SCV  
  45  7:10  Marine  
  45  7:11  Marine  
  45  7:12  SCV  
  46  7:17  Marine  
  46  7:18  SCV, Marine  
  46  7:20  Marine  
  46  7:21  SCV  
  50  7:24  SCV, Marine  
  50  7:27  Marine  
  50  7:28  Marine  
  50  7:29  Marine  
  52  7:30  SCV  
  52  7:33  SCV  
  52  7:35  Marine x2  
  52  7:37  SCV  
  57  7:38  Marine  
  57  7:42  SCV, Marine  
  60  7:45  SCV, Marine  
  60  7:46  Marine  
  60  7:47  Marine  
  60  7:49  Medivac x2, SCV  
  69  7:53  Marine x2  
  69  7:54  SCV  
  69  7:56  Marine  
  69  7:57  SCV  
  71  8:00  Marauder  
  71  8:01  SCV, Engineering Bay  
  74  8:06  SCV  
  74  8:09  SCV  
  74  8:12  Factory Tech Lab  
  76  8:15  Marine  
  76  8:16  Marine x5  
  76  8:19  Medivac  
  84  8:21  Marine  
  84  8:25  Supply Depot, Medivac  
  87  8:33  Marine x2  
  87  8:34  Marine  
  86  8:35  SCV  
Tags
 
Add a new tag
Caveats
  • Supply blocks, unpowered buildings, or Contaminate may cause inaccurate times.
  • Supply counts are checked every 10 seconds.